Blues vs Flames

Created - 28 mars 2022 at 16:57

Goals
1 2 3 T
Blues 3 0 1 4
Flames 0 2 0 2
Shots
1 2 3 T
Blues 14 10 6 30
Flames 11 18 9 38

GoalsPenalties
1st period
1. Blues , Roman Polak 4 (Mats Zuccarello 18, Vince Dunn 16) at 5:26
2. Blues , Mikael Granlund 30 (Bobby Ryan 20, Alex DeBrincat 34) at 15:56
3. Blues , Bobby Ryan 21 (Alex DeBrincat 35, Mikael Granlund 33) at 17:38
Bobby Ryan (STL) for Hooking (Minor) at 7:27
2nd period
4. Flames , Matthew Tkachuk 16 (Elias Lindholm 59, Ryan Nugent-Hopkins 37) at 8:57
5. Flames , Blake Coleman 20 (Paul Stastny 14) at 14:50
Anze Kopitar (CAL) for Unsportsmanlike conduct (Minor) at 1:40
Micheal Ferland (STL) for Hooking (Minor) at 3:41
Blake Coleman (CAL) for Holding (Minor) at 10:13
3rd period
6. Blues , Valeri Nichushkin 28 (Tyler Bozak 24, Adam Fox 50) at 18:04 (PP)
Ben Chiarot (CAL) for Hooking (Minor) at 3:15
Blake Coleman (CAL) for Tripping (Minor) at 17:42
Adam Fox (STL) for Holding (Minor) at 18:46
Goalie Stats
Thomas Greiss (STL), 36 saves from 38 shots - (0,947), W, 21-15-5, 60:00 minutes
Mackenzie Blackwood (CAL), 26 saves from 30 shots - (0,867), L, 33-18-5, 60:00 minutes
3 StarsOfficial
1 - Mikael Granlund (STL)
2 - Bobby Ryan (STL)
3 - Alex DeBrincat (STL)
Referees : Garrett Rank and Tom Kowal
Linesman : Vaughan Rody and Darren Gibbs
Game Note
Roman Polak is injured at 16:03 of 1st period (Right Wrist)
Tyson Barrie is injured at 4:05 of 2nd period (Left Foot)



Team Name Goals Shots Shots Attemp Shots Blocked PIM HIT PP PK FO%
Blues 4307276251 / 4 (25%)051%
Flames 23881108250 / 3 (0%)149%

Blues
Player Name POS G A P +/- PIM HIT SHT SB MP PP MP PP SHT PK MP PK SHT FO% FOT
Adam FoxD011-1233324:554:4812:1400% 0
Alex DeBrincatLW/RW0222014015:123:2120:0000% 0
Bobby RyanRW1121243019:123:4310:0000% 0
Brendan LemieuxLW/RW000-100008:210:0000:0000% 0
Brett KulakD0001032122:132:0811:1200% 0
Calvin de HaanD0000031126:321:3113:2700% 0
Colin BlackwellC000-101018:110:0000:000100% 1
Evan RodriguesC/LW/RW0000000017:310:0002:3800% 1
Lucas WallmarkC0000001016:350:0002:33152% 23
Mats ZuccarelloRW0110011017:592:3600:0000% 0
Micheal FerlandLW/RW0000241014:010:0000:0000% 1
Mikael GranlundC/LW/RW1122013017:013:2100:00054% 28
Nick BjugstadC/RW000-100108:210:0000:00040% 10
Roman PolakD101100104:320:0000:0000% 0
Tyler BozakC/RW0110011020:022:5802:38052% 31
Tyson BarrieD0002001110:121:0311:2700% 0
Valeri NichushkinLW/RW1010014020:092:5812:33050% 2
Vince DunnD0110023023:473:0802:0200% 0
Flames
Player Name POS G A P +/- PIM HIT SHT SB MP PP MP PP SHT PK MP PK SHT FO% FOT
Andrew CoglianoC/LW000101008:310:0000:0000% 0
Andrew MangiapaneLW/RW000000001:060:0001:0600% 0
Anze KopitarC000-1206018:252:2710:24058% 24
Ben ChiarotD0001220420:270:0002:4500% 0
Blake ColemanC/LW/RW1011466122:342:4412:48033% 3
Christopher TanevD0000002120:590:0003:5610% 0
Elias LindholmC/RW011-1023018:182:2710:00045% 20
Jake McCabeD000-2030117:500:0002:2000% 0
Matt CalvertLW/RW000000109:390:0001:0600% 1
Matthew TkachukLW/RW101-1022018:122:2110:0000% 0
Max PaciorettyLW000-1035018:192:4400:0000% 0
Mikael BacklundC/RW000-1035019:032:4400:44043% 7
Mike MathesonD000-2010118:232:5000:0300% 0
Nick BoninoC0000002013:050:0004:32156% 27
Noah HanifinD0000010020:272:5002:2000% 0
Paul StastnyC/LW011100108:310:0000:00038% 13
Rasmus AnderssonD0001000119:322:2101:1400% 0
Ryan Nugent-HopkinsC/LW011-1015120:162:2721:58050% 2

Blues

5 vs 5 Forward
Line #Left WingCenterRight WingPHYDFOFWanted %Time %Time Play
1Alex DeBrincatMikael GranlundBobby Ryan0233024%11:51
2Valeri NichushkinTyler BozakMats Zuccarello0233030%14:26
3Micheal FerlandLucas WallmarkEvan Rodrigues1222729%14:02
4Brendan LemieuxNick BjugstadColin Blackwell1221317%8:11
5 vs 5 Defense
Line #DefenseDefensePHYDFOFWanted %Time %Time Play
1Adam FoxCalvin de Haan0323424%11:50
2Tyson BarrieBrett Kulak0323336%17:22
3Vince DunnRoman Polak0323340%19:18
4Adam FoxCalvin de Haan03200%0:00
Power Play Forward
Line #Left WingCenterRight WingPHYDFOFWanted %Time %Time Play
1Alex DeBrincatMikael GranlundMats Zuccarello0055053%3:21
2Valeri NichushkinTyler BozakBobby Ryan0055047%2:58
Power Play Defense
Line #DefenseDefensePHYDFOFWanted %Time %Time Play
1Calvin de HaanVince Dunn0235019%1:12
2Tyson BarrieRoman Polak0235081%5:07
Penalty Kill 4 Players Forward
Line #CenterWingPHYDFOFWanted %Time %Time Play
1Tyler BozakEvan Rodrigues0325051%2:38
2Lucas WallmarkValeri Nichushkin0325049%2:33
Penalty Kill 4 Players Defense
Line #DefenseDefensePHYDFOFWanted %Time %Time Play
1Vince DunnAdam Fox0325039%2:02
2Calvin de HaanTyson Barrie0325061%3:09
Penalty Kill 3 Players
Line #WingPHYDFOFWanted %Time %Time PlayDefenseDefensePHYDFOFWanted %Time %Time Play
1Lucas Wallmark041500%0:00 Vince DunnAdam Fox032500%0:00
2Tyler Bozak041500%0:00 Calvin de HaanTyson Barrie032500%0:00
4 vs 4 Forward
Line #CenterWingPHYDFOFWanted %Time %Time Play
1Mikael GranlundAlex DeBrincat023500%0:00
2Nick BjugstadValeri Nichushkin023500%0:00
4 vs 4 Defense
Line #DefensePHYDFOFWanted %Time %Time Play
1Calvin de HaanVince Dunn032500%0:00
2Tyson BarrieAdam Fox032500%0:00
Last Minutes Offensive
Left WingCenterRight WingDefenseDefense
Alex DeBrincatTyler BozakMats ZuccarelloAdam FoxVince Dunn
Last Minutes Defensive
Left WingCenterRight WingDefenseDefense
Evan RodriguesMikael GranlundValeri NichushkinRoman PolakCalvin de Haan
Time
Total ForwardTotal DefenseLast Minutes OffensiveLast Minutes Defensive
60:00 60:00 0:000:00
Extra Forwards
Normal PowerPlayPenalty Kill
Alex DeBrincat, Mats Zuccarello, Valeri NichushkinMats Zuccarello, Alex DeBrincatColin Blackwell
Extra Defensemen
Normal PowerPlayPenalty Kill
Vince Dunn, Tyson Barrie, Calvin de HaanTyson Barrie, Tyson BarrieCalvin de Haan
Penalty Shots
Alex DeBrincat, Mikael Granlund, Bobby Ryan, Mats Zuccarello, Valeri Nichushkin
Goalie
Thomas Greiss, Pavel Francouz
Custom OT Lines Forwards
Bobby Ryan, Alex DeBrincat, Valeri Nichushkin, Mikael Granlund, Mats Zuccarello, Lucas Wallmark, Colin Blackwell, Nick Bjugstad, Evan Rodrigues, Tyler Bozak
Custom OT Lines Defensemen
Roman Polak, Vince Dunn, Calvin de Haan, Brett Kulak, Tyson Barrie
Scratches
Kevin Stenlund (Healthy), Radko Gudas (Strained Left Knee Injury)

Flames

5 vs 5 Forward
Line #Left WingCenterRight WingPHYDFOFWanted %Time %Time Play
1Max PaciorettyAnze KopitarMikael Backlund1223132%15:35
2Ryan Nugent-HopkinsElias LindholmMatthew Tkachuk1223133%15:51
3Andrew CoglianoPaul StastnyBlake Coleman1221918%8:31
4Matt CalvertNick BoninoBlake Coleman1221918%8:33
5 vs 5 Defense
Line #DefenseDefensePHYDFOFWanted %Time %Time Play
1Ben ChiarotRasmus Andersson1223233%15:57
2Noah HanifinChristopher Tanev1223132%15:17
3Mike MathesonJake McCabe1223132%15:30
4Ben ChiarotChristopher Tanev14064%1:46
Power Play Forward
Line #Left WingCenterRight WingPHYDFOFWanted %Time %Time Play
1Ryan Nugent-HopkinsAnze KopitarElias Lindholm1225047%2:27
2Max PaciorettyMikael BacklundBlake Coleman1225053%2:44
Power Play Defense
Line #DefenseDefensePHYDFOFWanted %Time %Time Play
1Matthew TkachukRasmus Andersson1225045%2:21
2Noah HanifinMike Matheson1225055%2:50
Penalty Kill 4 Players Forward
Line #CenterWingPHYDFOFWanted %Time %Time Play
1Nick BoninoBlake Coleman1316083%5:16
2Anze KopitarMatt Calvert1314017%1:03
Penalty Kill 4 Players Defense
Line #DefenseDefensePHYDFOFWanted %Time %Time Play
1Ben ChiarotChristopher Tanev1316063%3:59
2Noah HanifinJake McCabe1314037%2:20
Penalty Kill 3 Players
Line #WingPHYDFOFWanted %Time %Time PlayDefenseDefensePHYDFOFWanted %Time %Time Play
1Nick Bonino140500%0:00 Ben ChiarotChristopher Tanev140500%0:00
2Elias Lindholm140500%0:00 Noah HanifinJake McCabe140500%0:00
4 vs 4 Forward
Line #CenterWingPHYDFOFWanted %Time %Time Play
1Elias LindholmRyan Nugent-Hopkins122500%0:00
2Mikael BacklundMax Pacioretty122500%0:00
4 vs 4 Defense
Line #DefensePHYDFOFWanted %Time %Time Play
1Noah HanifinRasmus Andersson122500%0:00
2Mike MathesonChristopher Tanev122500%0:00
Last Minutes Offensive
Left WingCenterRight WingDefenseDefense
Ryan Nugent-HopkinsElias LindholmMatthew TkachukNoah HanifinChristopher Tanev
Last Minutes Defensive
Left WingCenterRight WingDefenseDefense
Elias LindholmAnze KopitarMatt CalvertJake McCabeChristopher Tanev
Time
Total ForwardTotal DefenseLast Minutes OffensiveLast Minutes Defensive
60:00 60:00 0:000:00
Extra Forwards
Normal PowerPlayPenalty Kill
Andrew Mangiapane, Elias Lindholm, Matthew TkachukAndrew Cogliano, Nick BoninoRyan Nugent-Hopkins
Extra Defensemen
Normal PowerPlayPenalty Kill
Christopher Tanev, Noah Hanifin, Rasmus AnderssonChristopher Tanev, Rasmus AnderssonMike Matheson
Penalty Shots
Anze Kopitar, Ryan Nugent-Hopkins, Max Pacioretty, Elias Lindholm, Matthew Tkachuk
Goalie
Mackenzie Blackwood, Casey DeSmith
Custom OT Lines Forwards
Elias Lindholm, Ryan Nugent-Hopkins, Max Pacioretty, Anze Kopitar, Mikael Backlund, Matthew Tkachuk, Nick Bonino, Blake Coleman, Andrew Mangiapane, Paul Stastny
Custom OT Lines Defensemen
Christopher Tanev, Noah Hanifin, Rasmus Andersson, Mike Matheson, Ben Chiarot
Scratches
Erik Gudbranson (Healthy), Chad Ruhwedel (Healthy), Mark Stone (Healthy)


Play-by-Play

1st period


0:01 of 1st period - Anze Kopitar wins face-off versus Mikael Granlund in neutral zone.
0:04 of 1st period - Adam Fox is hit by Mikael Backlund and loses puck.
0:25 of 1st period - Shot by Max Pacioretty.
0:25 of 1st period - Stopped by Thomas Greiss without a rebound.
0:26 of 1st period - Elias Lindholm wins face-off versus Tyler Bozak in Blues zone.
0:30 of 1st period - Icing by Brett Kulak.
0:31 of 1st period - Tyler Bozak wins face-off versus Paul Stastny in Blues zone.
0:31 of 1st period - Tyler Bozak is hit by Blake Coleman.
1:14 of 1st period - Icing by Jake McCabe.
1:15 of 1st period - Lucas Wallmark wins face-off versus Paul Stastny in Flames zone.
1:21 of 1st period - Icing by Jake McCabe.
1:22 of 1st period - Lucas Wallmark wins face-off versus Paul Stastny in Flames zone.
2:37 of 1st period - Matthew Tkachuk is hit by Bobby Ryan and loses puck.
2:56 of 1st period - Shot by Max Pacioretty.
2:56 of 1st period - Shot Blocked by Adam Fox.
2:58 of 1st period - Shot by Anze Kopitar.
2:58 of 1st period - Stopped by Thomas Greiss without a rebound.
2:59 of 1st period - Nick Bjugstad wins face-off versus Anze Kopitar in Blues zone.
3:24 of 1st period - Shot by Anze Kopitar.
3:24 of 1st period - Shot Misses the Net.
3:26 of 1st period - Shot by Anze Kopitar.
3:26 of 1st period - Stopped by Thomas Greiss with a rebound.
3:28 of 1st period - Shot by Anze Kopitar.
3:28 of 1st period - Shot Misses the Net.
3:30 of 1st period - Shot by Max Pacioretty.
3:30 of 1st period - Shot Misses the Net.
3:32 of 1st period - Shot by Mikael Backlund.
3:32 of 1st period - Stopped by Thomas Greiss without a rebound.
3:33 of 1st period - Tyler Bozak wins face-off versus Nick Bonino in Blues zone.
3:40 of 1st period - Jake McCabe is hit by Mats Zuccarello and loses puck.
3:49 of 1st period - Shot by Mats Zuccarello.
3:49 of 1st period - Stopped by Mackenzie Blackwood without a rebound.
3:50 of 1st period - Mikael Granlund wins face-off versus Elias Lindholm in Flames zone.
3:50 of 1st period - Mikael Granlund is hit by Noah Hanifin.
3:58 of 1st period - Shot by Alex DeBrincat.
3:58 of 1st period - Stopped by Mackenzie Blackwood without a rebound.
3:59 of 1st period - Nick Bonino wins face-off versus Mikael Granlund in Flames zone.
5:18 of 1st period - Shot by Mats Zuccarello.
5:18 of 1st period - Shot Misses the Net.
5:20 of 1st period - Shot by Tyler Bozak.
5:20 of 1st period - Shot Misses the Net.
5:24 of 1st period - Shot by Mats Zuccarello.
5:24 of 1st period - Shot Blocked by Mike Matheson.
5:26 of 1st period - Shot by Roman Polak.
5:26 of 1st period - Goal by Roman Polak - Blues : 1 - Flames : 0.
5:27 of 1st period - Lucas Wallmark wins face-off versus Anze Kopitar in neutral zone.
6:30 of 1st period - Roman Polak is hit by Blake Coleman and loses puck.
6:35 of 1st period - Shot by Blake Coleman.
6:35 of 1st period - Stopped by Thomas Greiss without a rebound.
6:36 of 1st period - Elias Lindholm wins face-off versus Tyler Bozak in Blues zone.
6:39 of 1st period - Shot by Matthew Tkachuk.
6:39 of 1st period - Shot Misses the Net.
6:53 of 1st period - Shot by Ryan Nugent-Hopkins.
6:53 of 1st period - Deflect By Elias Lindholm.
6:53 of 1st period - Shot Misses the Net.
7:05 of 1st period - Adam Fox is hit by Matthew Tkachuk and loses puck.
7:18 of 1st period - Shot by Elias Lindholm.
7:18 of 1st period - Stopped by Thomas Greiss without a rebound.
7:19 of 1st period - Mikael Granlund wins face-off versus Nick Bonino in Blues zone.
7:27 of 1st period - Minor Penalty to Bobby Ryan for Hooking.
7:28 of 1st period - Tyler Bozak wins face-off versus Mikael Backlund in Blues zone.
8:03 of 1st period - Icing by Blake Coleman.
8:04 of 1st period - Tyler Bozak wins face-off versus Mikael Backlund in Flames zone.
8:40 of 1st period - Elias Lindholm is hit by Vince Dunn and loses puck.
8:48 of 1st period - Ryan Nugent-Hopkins is hit by Adam Fox and loses puck.
8:51 of 1st period - Shot by Ryan Nugent-Hopkins.
8:51 of 1st period - Stopped by Thomas Greiss without a rebound.
8:52 of 1st period - Anze Kopitar wins face-off versus Tyler Bozak in Blues zone.
9:28 of 1st period - Icing by Tyler Bozak.
9:29 of 1st period - Mikael Granlund wins face-off versus Paul Stastny in Blues zone.
9:31 of 1st period - Icing by Alex DeBrincat.
9:32 of 1st period - Paul Stastny wins face-off versus Mikael Granlund in Blues zone.
9:41 of 1st period - Shot by Alex DeBrincat.
9:41 of 1st period - Stopped by Mackenzie Blackwood without a rebound.
9:42 of 1st period - Nick Bjugstad wins face-off versus Nick Bonino in Flames zone.
9:42 of 1st period - Tyson Barrie is hit by Ben Chiarot and loses puck.
9:45 of 1st period - Shot by Brett Kulak.
9:45 of 1st period - Stopped by Mackenzie Blackwood without a rebound.
9:46 of 1st period - Mikael Granlund wins face-off versus Matt Calvert in Flames zone.
10:15 of 1st period - Shot by Nick Bonino.
10:15 of 1st period - Stopped by Thomas Greiss without a rebound.
10:16 of 1st period - Anze Kopitar wins face-off versus Tyler Bozak in Blues zone.
10:17 of 1st period - Shot by Mikael Backlund.
10:17 of 1st period - Shot Misses the Net.
10:20 of 1st period - Icing by Vince Dunn.
10:21 of 1st period - Tyler Bozak wins face-off versus Anze Kopitar in Blues zone.
10:43 of 1st period - Shot by Valeri Nichushkin.
10:43 of 1st period - Shot Misses the Net.
10:45 of 1st period - Shot by Roman Polak.
10:45 of 1st period - Shot Misses the Net.
12:31 of 1st period - Shot by Mikael Granlund.
12:31 of 1st period - Stopped by Mackenzie Blackwood without a rebound.
12:32 of 1st period - Paul Stastny wins face-off versus Nick Bjugstad in Flames zone.
12:32 of 1st period - Paul Stastny is hit by Colin Blackwell.
12:35 of 1st period - Icing by Andrew Cogliano.
12:36 of 1st period - Tyler Bozak wins face-off versus Paul Stastny in Flames zone.
12:39 of 1st period - Shot by Tyler Bozak.
12:39 of 1st period - Shot Blocked by Blake Coleman.
12:41 of 1st period - Shot by Vince Dunn.
12:41 of 1st period - Shot Misses the Net.
12:43 of 1st period - Shot by Valeri Nichushkin.
12:43 of 1st period - Stopped by Mackenzie Blackwood without a rebound.
12:44 of 1st period - Nick Bjugstad wins face-off versus Anze Kopitar in Flames zone.
12:51 of 1st period - Shot by Anze Kopitar.
12:51 of 1st period - Shot Misses the Net.
13:22 of 1st period - Shot by Anze Kopitar.
13:22 of 1st period - Shot Blocked by Calvin de Haan.
13:24 of 1st period - Shot by Max Pacioretty.
13:24 of 1st period - Stopped by Thomas Greiss without a rebound.
13:25 of 1st period - Lucas Wallmark wins face-off versus Paul Stastny in Blues zone.
13:25 of 1st period - Lucas Wallmark is hit by Andrew Cogliano.
13:42 of 1st period - Icing by Evan Rodrigues.
13:43 of 1st period - Lucas Wallmark wins face-off versus Elias Lindholm in Blues zone.
13:55 of 1st period - Shot by Ryan Nugent-Hopkins.
13:55 of 1st period - Stopped by Thomas Greiss without a rebound.
13:56 of 1st period - Tyler Bozak wins face-off versus Nick Bonino in Blues zone.
14:04 of 1st period - Valeri Nichushkin is hit by Blake Coleman and loses puck.
14:48 of 1st period - Icing by Nick Bonino.
14:49 of 1st period - Mikael Granlund wins face-off versus Nick Bonino in Flames zone.
14:58 of 1st period - Shot by Mikael Granlund.
14:58 of 1st period - Shot Misses the Net.
15:03 of 1st period - Icing by Nick Bonino.
15:04 of 1st period - Nick Bonino wins face-off versus Evan Rodrigues in Flames zone.
15:31 of 1st period - Shot by Lucas Wallmark.
15:31 of 1st period - Shot Blocked by Ben Chiarot.
15:33 of 1st period - Shot by Adam Fox.
15:33 of 1st period - Stopped by Mackenzie Blackwood with a rebound.
15:35 of 1st period - Shot by Adam Fox.
15:35 of 1st period - Stopped by Mackenzie Blackwood without a rebound.
15:36 of 1st period - Elias Lindholm wins face-off versus Mikael Granlund in Flames zone.
15:36 of 1st period - Elias Lindholm is hit by Mikael Granlund.
15:54 of 1st period - Shot by Bobby Ryan.
15:54 of 1st period - Shot Misses the Net.
15:56 of 1st period - Shot by Mikael Granlund.
15:56 of 1st period - Goal by Mikael Granlund - Blues : 2 - Flames : 0.
15:57 of 1st period - Tyler Bozak wins face-off versus Anze Kopitar in neutral zone.
15:57 of 1st period - Mats Zuccarello is hit by Max Pacioretty and loses puck.
16:02 of 1st period - Roman Polak is hit by Mikael Backlund and loses puck.
16:03 of 1st period - Roman Polak from Blues is injured at 16:03 of 1st period (Right Wrist).
16:04 of 1st period - Mikael Granlund wins face-off versus Elias Lindholm in Blues zone.
16:04 of 1st period - Mikael Granlund is hit by Elias Lindholm.
16:12 of 1st period - Shot by Mikael Granlund.
16:12 of 1st period - Shot Misses the Net.
16:14 of 1st period - Shot by Bobby Ryan.
16:14 of 1st period - Stopped by Mackenzie Blackwood with a rebound.
16:20 of 1st period - Shot by Vince Dunn.
16:20 of 1st period - Stopped by Mackenzie Blackwood without a rebound.
16:21 of 1st period - Tyler Bozak wins face-off versus Paul Stastny in Flames zone.
16:21 of 1st period - Adam Fox is hit by Jake McCabe.
16:27 of 1st period - Shot by Valeri Nichushkin.
16:27 of 1st period - Shot Misses the Net.
16:38 of 1st period - Tyler Bozak is hit by Jake McCabe and loses puck.
17:32 of 1st period - Shot by Bobby Ryan.
17:32 of 1st period - Shot Misses the Net.
17:34 of 1st period - Shot by Bobby Ryan.
17:34 of 1st period - Deflect By Alex DeBrincat.
17:34 of 1st period - Shot Misses the Net.
17:36 of 1st period - Shot by Alex DeBrincat.
17:36 of 1st period - Shot Blocked by Rasmus Andersson.
17:38 of 1st period - Shot by Bobby Ryan.
17:38 of 1st period - Goal by Bobby Ryan - Blues : 3 - Flames : 0.
17:39 of 1st period - Lucas Wallmark wins face-off versus Elias Lindholm in neutral zone.
18:28 of 1st period - Icing by Matthew Tkachuk.
18:29 of 1st period - Mikael Granlund wins face-off versus Elias Lindholm in Flames zone.
18:40 of 1st period - Shot by Mikael Granlund.
18:40 of 1st period - Stopped by Mackenzie Blackwood without a rebound.
18:41 of 1st period - Colin Blackwell wins face-off versus Anze Kopitar in Flames zone.
19:08 of 1st period - Shot by Anze Kopitar.
19:08 of 1st period - Shot Misses the Net.
19:10 of 1st period - Shot by Rasmus Andersson.
19:10 of 1st period - Shot Blocked by Adam Fox.
19:12 of 1st period - Shot by Ben Chiarot.
19:12 of 1st period - Shot Misses the Net.
19:14 of 1st period - Shot by Anze Kopitar.
19:14 of 1st period - Shot Misses the Net.
19:18 of 1st period - Shot by Mikael Backlund.
19:18 of 1st period - Stopped by Thomas Greiss without a rebound.
19:19 of 1st period - Mikael Granlund wins face-off versus Paul Stastny in Blues zone.
19:19 of 1st period - Mikael Granlund is hit by Blake Coleman.
19:22 of 1st period - Alex DeBrincat is hit by Blake Coleman and loses puck.
19:42 of 1st period - Shot by Mikael Granlund.
19:42 of 1st period - Shot Misses the Net.
19:55 of 1st period - Icing by Mikael Granlund.
19:56 of 1st period - Mikael Granlund wins face-off versus Elias Lindholm in Blues zone.
Goals for this period are 3 for Blues vs 0 for Flames.
Shots for this period are 14 for Blues vs 11 for Flames.

2nd period


0:01 of 2nd period - Tyler Bozak wins face-off versus Anze Kopitar in neutral zone.
0:33 of 2nd period - Icing by Brett Kulak.
0:34 of 2nd period - Elias Lindholm wins face-off versus Tyler Bozak in Blues zone.
0:34 of 2nd period - Elias Lindholm is hit by Brett Kulak.
0:46 of 2nd period - Shot by Valeri Nichushkin.
0:46 of 2nd period - Shot Misses the Net.
0:48 of 2nd period - Shot by Valeri Nichushkin.
0:48 of 2nd period - Stopped by Mackenzie Blackwood without a rebound.
0:49 of 2nd period - Lucas Wallmark wins face-off versus Nick Bonino in Flames zone.
1:07 of 2nd period - Shot by Blake Coleman.
1:07 of 2nd period - Stopped by Thomas Greiss without a rebound.
1:08 of 2nd period - Elias Lindholm wins face-off versus Mikael Granlund in Blues zone.
1:13 of 2nd period - Shot by Elias Lindholm.
1:13 of 2nd period - Shot Misses the Net.
1:16 of 2nd period - Icing by Bobby Ryan.
1:17 of 2nd period - Mikael Granlund wins face-off versus Anze Kopitar in Blues zone.
1:17 of 2nd period - Mikael Granlund is hit by Mikael Backlund.
1:40 of 2nd period - Minor Penalty to Anze Kopitar for Unsportsmanlike conduct.
1:41 of 2nd period - Tyler Bozak wins face-off versus Nick Bonino in Flames zone.
1:42 of 2nd period - Shot by Adam Fox.
1:42 of 2nd period - Shot Misses the Net.
1:44 of 2nd period - Shot by Bobby Ryan.
1:44 of 2nd period - Stopped by Mackenzie Blackwood without a rebound.
1:45 of 2nd period - Mikael Granlund wins face-off versus Nick Bonino in Flames zone.
2:18 of 2nd period - Shot by Adam Fox.
2:18 of 2nd period - Shot Blocked by Ben Chiarot.
2:20 of 2nd period - Shot by Tyson Barrie.
2:20 of 2nd period - Stopped by Mackenzie Blackwood without a rebound.
2:21 of 2nd period - Nick Bonino wins face-off versus Tyler Bozak in Flames zone.
2:26 of 2nd period - Shot by Calvin de Haan.
2:26 of 2nd period - Stopped by Mackenzie Blackwood without a rebound.
2:27 of 2nd period - Tyler Bozak wins face-off versus Nick Bonino in Flames zone.
2:37 of 2nd period - Shot by Calvin de Haan.
2:37 of 2nd period - Shot Misses the Net.
2:39 of 2nd period - Shot by Tyler Bozak.
2:39 of 2nd period - Shot Misses the Net.
2:59 of 2nd period - Ryan Nugent-Hopkins is hit by Valeri Nichushkin and loses puck.
3:38 of 2nd period - Shot by Alex DeBrincat.
3:38 of 2nd period - Shot Misses the Net.
3:41 of 2nd period - Minor Penalty to Micheal Ferland for Hooking.
3:42 of 2nd period - Anze Kopitar wins face-off versus Lucas Wallmark in Blues zone.
3:55 of 2nd period - Shot by Elias Lindholm.
3:55 of 2nd period - Stopped by Thomas Greiss without a rebound.
3:56 of 2nd period - Valeri Nichushkin wins face-off versus Mikael Backlund in Blues zone.
4:05 of 2nd period - Shot by Noah Hanifin.
4:05 of 2nd period - Shot Blocked by Tyson Barrie.
4:05 of 2nd period - Tyson Barrie from Blues is injured at 4:05 of 2nd period (Left Foot).
4:06 of 2nd period - Anze Kopitar wins face-off versus Lucas Wallmark in Blues zone.
4:11 of 2nd period - Shot by Matthew Tkachuk.
4:11 of 2nd period - Stopped by Thomas Greiss without a rebound.
4:12 of 2nd period - Mikael Backlund wins face-off versus Lucas Wallmark in Blues zone.
4:41 of 2nd period - Shot by Blake Coleman.
4:41 of 2nd period - Shot Misses the Net.
4:43 of 2nd period - Shot by Mike Matheson.
4:43 of 2nd period - Shot Misses the Net.
4:45 of 2nd period - Shot by Blake Coleman.
4:45 of 2nd period - Stopped by Thomas Greiss without a rebound.
4:46 of 2nd period - Lucas Wallmark wins face-off versus Ryan Nugent-Hopkins in Blues zone.
5:09 of 2nd period - Shot by Ryan Nugent-Hopkins.
5:09 of 2nd period - Deflect By Elias Lindholm.
5:09 of 2nd period - Shot Misses the Net.
5:11 of 2nd period - Shot by Rasmus Andersson.
5:11 of 2nd period - Shot Misses the Net.
5:13 of 2nd period - Shot by Ryan Nugent-Hopkins.
5:13 of 2nd period - Stopped by Thomas Greiss without a rebound.
5:14 of 2nd period - Lucas Wallmark wins face-off versus Mikael Backlund in Blues zone.
5:27 of 2nd period - Shot by Blake Coleman.
5:27 of 2nd period - Shot Misses the Net.
5:49 of 2nd period - Icing by Christopher Tanev.
5:50 of 2nd period - Elias Lindholm wins face-off versus Mikael Granlund in Flames zone.
5:57 of 2nd period - Shot by Alex DeBrincat.
5:57 of 2nd period - Shot Blocked by Ryan Nugent-Hopkins.
6:03 of 2nd period - Shot by Elias Lindholm.
6:03 of 2nd period - Shot Misses the Net.
6:41 of 2nd period - Bobby Ryan is hit by Max Pacioretty and loses puck.
7:00 of 2nd period - Shot by Mikael Backlund.
7:00 of 2nd period - Stopped by Thomas Greiss with a rebound.
7:02 of 2nd period - Shot by Mikael Backlund.
7:02 of 2nd period - Deflect By Anze Kopitar.
7:02 of 2nd period - Stopped by Thomas Greiss without a rebound.
7:03 of 2nd period - Nick Bonino wins face-off versus Lucas Wallmark in Blues zone.
7:04 of 2nd period - Shot by Blake Coleman.
7:04 of 2nd period - Stopped by Thomas Greiss without a rebound.
7:05 of 2nd period - Lucas Wallmark wins face-off versus Blake Coleman in Blues zone.
7:35 of 2nd period - Blake Coleman is hit by Micheal Ferland.
7:48 of 2nd period - Shot by Micheal Ferland.
7:48 of 2nd period - Shot Misses the Net.
7:55 of 2nd period - Icing by Jake McCabe.
7:56 of 2nd period - Paul Stastny wins face-off versus Tyler Bozak in Flames zone.
7:56 of 2nd period - Paul Stastny is hit by Tyler Bozak.
8:09 of 2nd period - Shot by Valeri Nichushkin.
8:09 of 2nd period - Stopped by Mackenzie Blackwood without a rebound.
8:10 of 2nd period - Anze Kopitar wins face-off versus Nick Bjugstad in Flames zone.
8:25 of 2nd period - Shot by Anze Kopitar.
8:25 of 2nd period - Shot Misses the Net.
8:27 of 2nd period - Shot by Christopher Tanev.
8:27 of 2nd period - Shot Misses the Net.
8:29 of 2nd period - Shot by Mikael Backlund.
8:29 of 2nd period - Shot Misses the Net.
8:31 of 2nd period - Shot by Christopher Tanev.
8:31 of 2nd period - Stopped by Thomas Greiss without a rebound.
8:32 of 2nd period - Elias Lindholm wins face-off versus Tyler Bozak in Blues zone.
8:33 of 2nd period - Shot by Rasmus Andersson.
8:33 of 2nd period - Shot Misses the Net.
8:57 of 2nd period - Shot by Matthew Tkachuk.
8:57 of 2nd period - Goal by Matthew Tkachuk - Blues : 3 - Flames : 1.
8:58 of 2nd period - Anze Kopitar wins face-off versus Lucas Wallmark in neutral zone.
10:13 of 2nd period - Minor Penalty to Blake Coleman for Holding.
10:14 of 2nd period - Nick Bonino wins face-off versus Mikael Granlund in Flames zone.
10:25 of 2nd period - Shot by Nick Bonino.
10:25 of 2nd period - Stopped by Thomas Greiss without a rebound.
10:26 of 2nd period - Tyler Bozak wins face-off versus Nick Bonino in Blues zone.
10:28 of 2nd period - Icing by Adam Fox.
10:29 of 2nd period - Nick Bonino wins face-off versus Tyler Bozak in Blues zone.
10:54 of 2nd period - Shot by Tyler Bozak.
10:54 of 2nd period - Shot Misses the Net.
10:56 of 2nd period - Shot by Adam Fox.
10:56 of 2nd period - Shot Misses the Net.
11:04 of 2nd period - Vince Dunn is hit by Ryan Nugent-Hopkins and loses puck.
11:23 of 2nd period - Shot by Brett Kulak.
11:23 of 2nd period - Shot Misses the Net.
11:25 of 2nd period - Shot by Brett Kulak.
11:25 of 2nd period - Stopped by Mackenzie Blackwood without a rebound.
11:26 of 2nd period - Mikael Backlund wins face-off versus Mikael Granlund in Flames zone.
11:35 of 2nd period - Shot by Adam Fox.
11:35 of 2nd period - Stopped by Mackenzie Blackwood with a rebound.
12:21 of 2nd period - Shot by Micheal Ferland.
12:21 of 2nd period - Deflect By Lucas Wallmark.
12:21 of 2nd period - Shot Misses the Net.
12:48 of 2nd period - Lucas Wallmark is hit by Blake Coleman and loses puck.
12:54 of 2nd period - Blake Coleman is hit by Calvin de Haan and loses puck.
13:15 of 2nd period - Shot by Matthew Tkachuk.
13:15 of 2nd period - Shot Misses the Net.
13:25 of 2nd period - Shot by Matthew Tkachuk.
13:25 of 2nd period - Shot Misses the Net.
13:31 of 2nd period - Shot by Ryan Nugent-Hopkins.
13:31 of 2nd period - Shot Misses the Net.
14:35 of 2nd period - Shot by Anze Kopitar.
14:35 of 2nd period - Stopped by Thomas Greiss without a rebound.
14:36 of 2nd period - Mikael Granlund wins face-off versus Nick Bonino in Blues zone.
14:45 of 2nd period - Shot by Matt Calvert.
14:45 of 2nd period - Shot Misses the Net.
14:47 of 2nd period - Shot by Matt Calvert.
14:47 of 2nd period - Stopped by Thomas Greiss without a rebound.
14:48 of 2nd period - Paul Stastny wins face-off versus Nick Bjugstad in Blues zone.
14:48 of 2nd period - Paul Stastny is hit by Bobby Ryan.
14:50 of 2nd period - Shot by Blake Coleman.
14:50 of 2nd period - Goal by Blake Coleman - Blues : 3 - Flames : 2.
14:51 of 2nd period - Blake Coleman wins face-off versus Mikael Granlund in neutral zone.
14:53 of 2nd period - Noah Hanifin is hit by Adam Fox and loses puck.
14:57 of 2nd period - Nick Bonino is hit by Brett Kulak.
15:21 of 2nd period - Shot by Mikael Granlund.
15:21 of 2nd period - Shot Misses the Net.
16:07 of 2nd period - Shot by Matthew Tkachuk.
16:07 of 2nd period - Shot Misses the Net.
16:09 of 2nd period - Shot by Ryan Nugent-Hopkins.
16:09 of 2nd period - Stopped by Thomas Greiss without a rebound.
16:10 of 2nd period - Tyler Bozak wins face-off versus Anze Kopitar in Blues zone.
16:10 of 2nd period - Tyler Bozak is hit by Max Pacioretty.
16:57 of 2nd period - Icing by Mats Zuccarello.
16:58 of 2nd period - Tyler Bozak wins face-off versus Elias Lindholm in Blues zone.
16:58 of 2nd period - Mats Zuccarello is hit by Elias Lindholm and loses puck.
17:08 of 2nd period - Mats Zuccarello is hit by Ben Chiarot and loses puck.
17:21 of 2nd period - Shot by Ryan Nugent-Hopkins.
17:21 of 2nd period - Deflect By Elias Lindholm.
17:21 of 2nd period - Shot Misses the Net.
17:23 of 2nd period - Shot by Ryan Nugent-Hopkins.
17:23 of 2nd period - Shot Misses the Net.
18:09 of 2nd period - Shot by Blake Coleman.
18:09 of 2nd period - Deflect By Nick Bonino.
18:09 of 2nd period - Shot Misses the Net.
18:23 of 2nd period - Shot by Adam Fox.
18:23 of 2nd period - Shot Misses the Net.
18:33 of 2nd period - Shot by Micheal Ferland.
18:33 of 2nd period - Stopped by Mackenzie Blackwood without a rebound.
18:34 of 2nd period - Anze Kopitar wins face-off versus Nick Bjugstad in Flames zone.
18:59 of 2nd period - Shot by Colin Blackwell.
18:59 of 2nd period - Shot Misses the Net.
19:01 of 2nd period - Shot by Vince Dunn.
19:01 of 2nd period - Stopped by Mackenzie Blackwood without a rebound.
19:02 of 2nd period - Lucas Wallmark wins face-off versus Elias Lindholm in Flames zone.
19:05 of 2nd period - Shot by Vince Dunn.
19:05 of 2nd period - Stopped by Mackenzie Blackwood without a rebound.
19:06 of 2nd period - Elias Lindholm wins face-off versus Lucas Wallmark in Flames zone.
19:13 of 2nd period - Shot by Ryan Nugent-Hopkins.
19:13 of 2nd period - Shot Misses the Net.
19:17 of 2nd period - Shot by Elias Lindholm.
19:17 of 2nd period - Shot Misses the Net.
19:19 of 2nd period - Shot by Ryan Nugent-Hopkins.
19:19 of 2nd period - Stopped by Thomas Greiss without a rebound.
19:20 of 2nd period - Anze Kopitar wins face-off versus Nick Bjugstad in Blues zone.
19:33 of 2nd period - Shot by Mikael Backlund.
19:33 of 2nd period - Stopped by Thomas Greiss without a rebound.
19:34 of 2nd period - Ryan Nugent-Hopkins wins face-off versus Lucas Wallmark in Blues zone.
19:38 of 2nd period - Elias Lindholm is hit by Calvin de Haan and loses puck.
19:46 of 2nd period - Matthew Tkachuk is hit by Calvin de Haan and loses puck.
19:51 of 2nd period - Shot by Elias Lindholm.
19:51 of 2nd period - Stopped by Thomas Greiss with a rebound.
19:53 of 2nd period - Shot by Elias Lindholm.
19:53 of 2nd period - Shot Misses the Net.
19:55 of 2nd period - Shot by Matthew Tkachuk.
19:55 of 2nd period - Shot Misses the Net.
Goals for this period are 0 for Blues vs 2 for Flames.
Shots for this period are 10 for Blues vs 18 for Flames.

3rd period


0:01 of 3rd period - Anze Kopitar wins face-off versus Mikael Granlund in neutral zone.
0:16 of 3rd period - Shot by Alex DeBrincat.
0:16 of 3rd period - Shot Blocked by Ben Chiarot.
1:07 of 3rd period - Shot by Paul Stastny.
1:07 of 3rd period - Stopped by Thomas Greiss with a rebound.
1:09 of 3rd period - Shot by Noah Hanifin.
1:09 of 3rd period - Shot Misses the Net.
1:11 of 3rd period - Shot by Blake Coleman.
1:11 of 3rd period - Stopped by Thomas Greiss without a rebound.
1:12 of 3rd period - Elias Lindholm wins face-off versus Nick Bjugstad in Blues zone.
3:15 of 3rd period - Minor Penalty to Ben Chiarot for Hooking.
3:16 of 3rd period - Mikael Granlund wins face-off versus Nick Bonino in Flames zone.
3:35 of 3rd period - Shot by Alex DeBrincat.
3:35 of 3rd period - Stopped by Mackenzie Blackwood with a rebound.
3:56 of 3rd period - Icing by Adam Fox.
3:57 of 3rd period - Nick Bonino wins face-off versus Mikael Granlund in Blues zone.
3:57 of 3rd period - Ryan Nugent-Hopkins is hit by Vince Dunn and loses puck.
4:00 of 3rd period - Shot by Christopher Tanev.
4:00 of 3rd period - Stopped by Thomas Greiss without a rebound.
4:01 of 3rd period - Nick Bonino wins face-off versus Mikael Granlund in Blues zone.
4:07 of 3rd period - Icing by Mikael Granlund.
4:08 of 3rd period - Nick Bonino wins face-off versus Mikael Granlund in Blues zone.
4:21 of 3rd period - Shot by Mats Zuccarello.
4:21 of 3rd period - Deflect By Alex DeBrincat.
4:21 of 3rd period - Stopped by Mackenzie Blackwood without a rebound.
4:22 of 3rd period - Nick Bonino wins face-off versus Tyler Bozak in Flames zone.
4:28 of 3rd period - Icing by Tyler Bozak.
4:29 of 3rd period - Nick Bonino wins face-off versus Tyler Bozak in Blues zone.
4:30 of 3rd period - Shot by Blake Coleman.
4:30 of 3rd period - Shot Misses the Net.
5:17 of 3rd period - Alex DeBrincat is hit by Mike Matheson and loses puck.
5:22 of 3rd period - Shot by Micheal Ferland.
5:22 of 3rd period - Shot Misses the Net.
5:24 of 3rd period - Shot by Lucas Wallmark.
5:24 of 3rd period - Shot Misses the Net.
5:47 of 3rd period - Evan Rodrigues is hit by Jake McCabe and loses puck.
5:50 of 3rd period - Shot by Micheal Ferland.
5:50 of 3rd period - Shot Misses the Net.
5:52 of 3rd period - Shot by Micheal Ferland.
5:52 of 3rd period - Shot Misses the Net.
6:26 of 3rd period - Shot by Brendan Lemieux.
6:26 of 3rd period - Shot Misses the Net.
7:10 of 3rd period - Blake Coleman is hit by Alex DeBrincat.
7:11 of 3rd period - Icing by Blake Coleman.
7:12 of 3rd period - Nick Bonino wins face-off versus Valeri Nichushkin in Flames zone.
7:48 of 3rd period - Icing by Christopher Tanev.
7:49 of 3rd period - Nick Bonino wins face-off versus Lucas Wallmark in Flames zone.
7:49 of 3rd period - Christopher Tanev is hit by Micheal Ferland.
7:54 of 3rd period - Noah Hanifin is hit by Adam Fox and loses puck.
8:07 of 3rd period - Anze Kopitar is hit by Micheal Ferland and loses puck.
8:53 of 3rd period - Shot by Colin Blackwell.
8:53 of 3rd period - Deflect By Nick Bjugstad.
8:53 of 3rd period - Shot Misses the Net.
9:13 of 3rd period - Shot by Nick Bjugstad.
9:13 of 3rd period - Shot Blocked by Ben Chiarot.
9:32 of 3rd period - Icing by Tyler Bozak.
9:33 of 3rd period - Tyler Bozak wins face-off versus Elias Lindholm in Blues zone.
10:28 of 3rd period - Off-side.
10:29 of 3rd period - Paul Stastny wins face-off versus Micheal Ferland in neutral zone.
10:58 of 3rd period - Mike Matheson is hit by Micheal Ferland.
11:30 of 3rd period - Shot by Colin Blackwell.
11:30 of 3rd period - Shot Blocked by Jake McCabe.
12:28 of 3rd period - Shot by Mats Zuccarello.
12:28 of 3rd period - Deflect By Tyler Bozak.
12:28 of 3rd period - Stopped by Mackenzie Blackwood without a rebound.
12:29 of 3rd period - Anze Kopitar wins face-off versus Lucas Wallmark in Flames zone.
12:44 of 3rd period - Shot by Max Pacioretty.
12:44 of 3rd period - Stopped by Thomas Greiss with a rebound.
12:48 of 3rd period - Shot by Anze Kopitar.
12:48 of 3rd period - Shot Blocked by Adam Fox.
13:13 of 3rd period - Shot by Max Pacioretty.
13:13 of 3rd period - Stopped by Thomas Greiss with a rebound.
14:18 of 3rd period - Icing by Alex DeBrincat.
14:19 of 3rd period - Mikael Granlund wins face-off versus Elias Lindholm in Blues zone.
14:35 of 3rd period - Ryan Nugent-Hopkins is hit by Bobby Ryan and loses puck.
14:45 of 3rd period - Ryan Nugent-Hopkins is hit by Brett Kulak and loses puck.
15:24 of 3rd period - Off-side.
15:25 of 3rd period - Nick Bonino wins face-off versus Tyler Bozak in neutral zone.
15:48 of 3rd period - Shot by Valeri Nichushkin.
15:48 of 3rd period - Shot Blocked by Christopher Tanev.
16:42 of 3rd period - Shot by Anze Kopitar.
16:42 of 3rd period - Stopped by Thomas Greiss with a rebound.
16:44 of 3rd period - Shot by Max Pacioretty.
16:44 of 3rd period - Shot Blocked by Colin Blackwell.
16:46 of 3rd period - Shot by Mikael Backlund.
16:46 of 3rd period - Stopped by Thomas Greiss with a rebound.
16:48 of 3rd period - Shot by Max Pacioretty.
16:48 of 3rd period - Stopped by Thomas Greiss without a rebound.
16:49 of 3rd period - Mikael Granlund wins face-off versus Elias Lindholm in Blues zone.
16:49 of 3rd period - Alex DeBrincat is hit by Matthew Tkachuk and loses puck.
16:56 of 3rd period - Mike Matheson is hit by Bobby Ryan and loses puck.
17:42 of 3rd period - Minor Penalty to Blake Coleman for Tripping.
17:43 of 3rd period - Nick Bonino wins face-off versus Tyler Bozak in Flames zone.
18:04 of 3rd period - Shot by Valeri Nichushkin.
18:04 of 3rd period - Goal by Valeri Nichushkin - Blues : 4 - Flames : 2.
18:05 of 3rd period - Nick Bjugstad wins face-off versus Blake Coleman in neutral zone.
18:37 of 3rd period - Shot by Nick Bjugstad.
18:37 of 3rd period - Stopped by Mackenzie Blackwood without a rebound.
18:38 of 3rd period - Lucas Wallmark wins face-off versus Anze Kopitar in Flames zone.
18:39 of 3rd period - Shot by Adam Fox.
18:39 of 3rd period - Deflect By Evan Rodrigues.
18:39 of 3rd period - Shot Misses the Net.
18:46 of 3rd period - Minor Penalty to Adam Fox for Holding.
18:47 of 3rd period - Anze Kopitar wins face-off versus Lucas Wallmark in Blues zone.
18:57 of 3rd period - Icing by Elias Lindholm.
18:58 of 3rd period - Anze Kopitar wins face-off versus Lucas Wallmark in Flames zone.
19:15 of 3rd period - Shot by Anze Kopitar.
19:15 of 3rd period - Stopped by Thomas Greiss without a rebound.
19:16 of 3rd period - Mikael Backlund wins face-off versus Tyler Bozak in Blues zone.
19:17 of 3rd period - Shot by Blake Coleman.
19:17 of 3rd period - Shot Misses the Net.
19:23 of 3rd period - Shot by Mikael Backlund.
19:23 of 3rd period - Shot Blocked by Brett Kulak.
19:51 of 3rd period - Shot by Lucas Wallmark.
19:51 of 3rd period - Stopped by Mackenzie Blackwood without a rebound.
19:52 of 3rd period - Anze Kopitar wins face-off versus Tyler Bozak in Flames zone.
Goals for this period are 1 for Blues vs 0 for Flames.
Shots for this period are 6 for Blues vs 9 for Flames.